 Dungeon Crawl Stone Soup version 0.31-a0-632-g766dd24fdf (webtiles) character file.

Game seed: 4096416760385519808

427 avis the Cleaver (level 6, -2/53 (56) HPs)
             Began as a Hill Orc Monk on Aug 26, 2023.
             Slain by a wight
             ... wielding a +0 battleaxe
              (11 damage)
             ... on level 5 of the Dungeon.
             The game lasted 00:30:01 (3629 turns).

avis the Cleaver (Hill Orc Monk)                    Turns: 3629, Time: 00:30:02

HP:   -2/53 (56)    AC:  9    Str: 16    XL:     6   Next: 97%
MP:   6/6           EV:  7    Int: 10    God:
Gold: 276           SH:  0    Dex: 13    Spells: 5/5 levels left

rFire   . . .        a - +4 hand axe
rCold   . . .        d - orb {light}
rNeg    . . .        o - +0 chain mail
rPois   .            (no helmet)
rElec   .            (no cloak)
rCorr   .            i - +0 pair of gloves
SInv    +            (no boots)
Will    .....        (no amulet) Stlth
                     l - ring of see invisible
HPRegen 0.28/turn    (no ring)
MPRegen 0.10/turn

%: no passive effects
@: confused, ambrosia-drunk, marked, glowing, drained
A: no striking features
a: no special abilities


You were on level 5 of the Dungeon.
You visited 1 branch of the dungeon, and saw 5 of its levels.

You collected 276 gold pieces.

Inventory:

Hand Weapons
 a - a +4 hand axe (weapon)
 b - a +1 antimagic sling
 n - a +0 spear
 s - a +1 flail of protection
 u - a +0 war axe
 v - a +1 hand axe of draining
 w - a +0 spear
 x - a +0 spear
 z - a +2 dagger of venom
 B - a +0 spear
 G - a +0 flail of protection
 H - a +0 orcbow
Missiles
 k - 6 datura-tipped darts
 F - a throwing net
Armour
 d - an orb of light (worn)
 g - a +0 ring mail
 i - a +0 pair of gloves (worn)
 o - a +0 chain mail (worn)
 q - an orb of energy
 A - a +0 chain mail
Jewellery
 l - a ring of see invisible (left hand)
Scrolls
 h - a scroll of immolation {unknown}
 j - 3 scrolls of identify {unknown}
 m - 2 scrolls of vulnerability {unknown}
 p - 2 scrolls of poison {unknown}
 t - a scroll of noise {unknown}
 y - a scroll of revelation {unknown}
 D - 2 scrolls of teleportation {unknown}
Potions
 e - 2 potions of degeneration {unknown}
 f - a potion of resistance {unknown}
 r - a potion of heal wounds {unknown}
 C - a potion of haste {unknown}
 E - 2 potions of curing {unknown}
 I - a potion of enlightenment {unknown}


   Skills:
 - Level 5.0 Fighting
 * Level 9.3 Axes
 - Level 2.4 Dodging


You had 5 spell levels left.
You didn't know any spells.
Your spell library contained the following spells:

 Spells                   Type           Power      Damage    Failure   Level
 Freeze                   Ice            0%         1d3       99%         1
 Magic Dart               Conj           0%         1d3       99%         1
 Searing Ray              Conj           0%         2d4       100%        2
 Frozen Ramparts          Ice            0%         1d1       100%        3
 Hailstorm                Conj/Ice       0%         3d3       100%        3
 Fulminant Prism          Conj/Hex       0%         3d5       100%        4


Dungeon Overview and Level Annotations

Branches:
Dungeon (5/15)             Temple (0/1) D:4

Altars:
Ashenzari
Kikubaaqudgha

Shops:
D:2 :

Annotations:
D:5 Prince Ribbit


Message History

Moving in this stuff is going to be slow.
A yak comes into view. x2
Fire: b) +1 sling (antimagic)
Press: ? - help, Q - select action, (/) - cycle Shift-Dir - straight line, f - yak
Aim: a yak (haloed, 89% to hit)
You shoot a sling bullet. The sling bullet hits the yak.
The yak is lightly wounded.
A wight comes into view. It is wielding a +0 battleaxe.
The yak closely misses you.
Found 5 stones.
Prince Ribbit comes into view.
The yak attacks as it pursues you! The yak gores you.
The wight hits you with a +0 battleaxe!
You feel drained. The wight attacks as it pursues you!
The wight hits you with a +0 battleaxe!
You feel drained. 2 wights and an iguana come into view.
Found a hand axe.
An iguana comes into view.
A wight comes into view.
It is wielding a +1 short sword of freezing.
The iguana moves out of view.
You feel magic returning to you.
a - a +4 hand axe (weapon)
A wight comes into view. It is wielding a +1 great sword.
The wight barely misses you.
The wight hits you with a +1 short sword of freezing!
The wight freezes you.
You hit the wight.
The wight is moderately damaged.
You hit the wight but do no damage. The wight hits you with a +0 battleaxe.
The wight hits you with a +1 short sword of freezing.
* * * LOW HITPOINT WARNING * * *
The wight freezes you.
* * * LOW HITPOINT WARNING * * *
Prince Ribbit says, "You're just another fly to me."
You hit the wight but do no damage. You hit the wight.
Prince Ribbit blinks!
The wight hits you with a +0 battleaxe.
* * * LOW HITPOINT WARNING * * *
You are confused.
You feel invigorated. The wight hits you with a +0 battleaxe!
You die...

....######......###
............~..~...
#..........##.♣~...
#.##.........≈~≈.♣
# ####.+##.~..~≈#
#. ##..~≈~...~..
.####.###
#..##~~~#≈~.
...llzz.#
#..~.~~.≈~.~ #@#
#..≈~~~≈~.## #z#
#..~♣.~...≈~
#.#Y#####.#~≈~.~.~≈
#..Y§.Y.F....#.####
#.#.#####.####)#
#.#.. #... . # #(#
#.Y## # ### #...
#+#.#


You could see 2 yaks, 2 iguanas and 3 wights.

Vanquished Creatures
  A black bear (D:4)
  A scorpion (D:4)
  A gnoll bouda (D:4)
  An iguana (D:4)
  8 gnolls
  5 adders
  3 ufetubi
  3 worms
  2 dart slugs
  5 orcs
  2 endoplasms
  A giant cockroach (D:1)
  9 goblins
  6 hobgoblins
  9 kobolds
  4 quokkas
  5 ball pythons
  8 bats
  2 frilled lizards (D:3)
  5 rats
81 creatures vanquished.

Notes
Turn   | Place    | Note
-------+----------+-------------------------------------------
     0 | D:1      | avis the Hill Orc Monk began the quest for the Orb.
     0 | D:1      | Reached XP level 1. HP: 19/19 MP: 1/1
   113 | D:1      | Reached XP level 2. HP: 27/27 MP: 2/2
   834 | D:2      | Found a faded altar of an unknown god.
  1139 | D:2      | Reached skill level 5 in Axes
  1303 | D:2      | Reached XP level 3. HP: 33/33 MP: 3/3
  1339 | D:2      | Found Zeel's Book Emporium.
  1835 | D:3      | Reached XP level 4. HP: 37/41 MP: 4/4
  1855 | D:3      | Found an ancient bone altar of Kikubaaqudgha.
  1856 | D:3      | Found a broken altar of Ashenzari.
  2091 | D:3      | Reached skill level 6 in Axes
  2611 | D:4      | Reached XP level 5. HP: 47/47 MP: 2/5
  2637 | D:4      | Reached skill level 5 in Fighting
  2637 | D:4      | Reached skill level 7 in Axes
  2828 | D:4      | Found a staircase to the Ecumenical Temple.
  2923 | D:4      | Reached XP level 6. HP: 27/56 MP: 2/6
  3068 | D:4      | Reached skill level 8 in Axes
  3447 | D:4      | Noticed a black bear
  3458 | D:4      | Killed a black bear
  3459 | D:4      | Reached skill level 9 in Axes
  3574 | D:5      | Entered Level 5 of the Dungeon
  3615 | D:5      | Noticed a yak
  3615 | D:5      | Noticed a yak
  3622 | D:5      | Noticed Prince Ribbit
  3629 | D:5      | Slain by a wight

Illustrated notes

Levels and vault maps discovered:
D:1:      co_arrival_random_square_maze, layout_loops_ring,
          dreamdust_wishing_well
D:2:      layout_basic, serial_shops, nicolae_shop_competitors_out_of_business,
          hellmonk_ecumenical_altar_arch_garden
D:3:      layout_loops_cross, jmf_multi_god_temple, chequers_avenue
D:4:      layout_rooms, minmay_temple_entry_from_below_a,
          nicolae_elevator_lobby_plus
D:5:      layout_basic, serial_rivers, chequers_serial_rivers_large_a,
          chequers_serial_rivers_micro_a, chequers_serial_rivers_marsh,
          chequers_serial_rivers_micro_b, grunt_decor_fettered,
          minmay_manual_monstrance, uniq_prince_ribbit1

Skill      XL: |  1  2  3  4  5  6 |
---------------+-------------------+-----
Fighting       | 4 5 |  5.0
Axes           | 5 6 7 9 |  9.3
Dodging        | |  2.4

Action                     |  1- 3 |  4- 6 || total
---------------------------+-------+-------++-------
  Melee: Hand axe          |    77 |    90 ||   167
   Fire: Sling             |       |    81 ||    81
    Use: Potion            |       |     1 ||     1
 Armour: Robe              |     2 |       ||     2
         Ring mail         |     5 |       ||     5
         Chain mail        |    23 |    68 ||    91
  Dodge: Dodged            |    30 |    36 ||    66

Table legend: (Time is in decaauts)
 A = Elapsed time spent in this place.
 B = Non-inter-level travel time spent in this place.
 C = Inter-level travel time spent in this place.
 D = Time resting spent in this place.
 E = Time spent auto-exploring this place.
 F = Levels seen in this place.
 G = Mean time per level.
                   A        B        C        D        E       F      G
               +--------+--------+--------+--------+--------+-----+--------+
         Total |   3675 |   3292 |    383 |    434 |   1905 |   5 |  735.0 |
       Dungeon |   3675 |   3292 |    383 |    434 |   1905 |   5 |  735.0 |
               +--------+--------+--------+--------+--------+-----+--------+

Top non-repeatable levels by time:
     D:3: 1007 daAuts
     D:4: 924 daAuts
     D:2: 909 daAuts
     D:1: 793 daAuts
     D:5: 40 daAuts
